 Dungeon Crawl Stone Soup version 0.26-a0-810-ge1a9524b62 (webtiles) character file.

Game seed: 6818519071897556913

3662 mandarbmax the Grappler (level 10, -5/93 HPs)
             Began as a Ghoul Monk on Nov 13, 2020.
             Was a Follower of Qazlal.
             Slain by an orc knight
             ... wielding a +0 war axe
              (12 damage)
             ... in a bailey.
             The game lasted 00:17:57 (5567 turns).

mandarbmax the Grappler (Ghoul Monk)                Turns: 5567, Time: 00:17:58

Health: -5/93      AC: 12    Str: 19    XL:     10   Next: 12%
Magic:  9/9        EV:  6    Int:  5    God:    Qazlal [*.....]
Gold:   906        SH:  0    Dex: 11    Spells: 9/9 levels left

rFire    . . .     SeeInvis .     - Unarmed
rCold    + . .     Faith    .   m - +1 buckler
rNeg     + + +     Spirit   .   y - +0 plate armour
rPois    ∞         Reflect  .   n - +0 helmet
rElec    .         Harm     .   (no cloak)
rCorr    .         Rampage  .   (no gloves)
MR       .....                  (no boots)
Stlth    ..........             b - amulet of the acrobat
HPRegen  0.00/turn              f - +4 ring of slaying
MPRegen  0.11/turn              v - ring of flight

@: confused, marked, hasted, very quick
A: rotting body, claws 1, cold resistance 1, negative energy resistance 3,
inhibited regeneration, torment resistance, unbreathing
a: Renounce Religion, Evoke Flight


You were in a bailey.
You worshipped Qazlal.
Qazlal was aware of your devotion.
You visited 2 branches of the dungeon, and saw 8 of its levels.
You also visited: Sewer and Bailey.

You collected 906 gold pieces.

Inventory:

Missiles
 x - 23 boomerangs (quivered)
Armour
 j - a +0 chain mail of poison resistance
 m - a +1 buckler (worn)
 n - a +0 helmet (worn)
 o - a +0 scale mail
 y - a +0 plate armour (worn)
Jewellery
 b - an amulet of the acrobat (around neck)
 f - a +4 ring of slaying (left claw)
 p - an uncursed ring of wizardry
 q - an uncursed ring of fire
 v - a ring of flight (right claw)
Wands
 a - a wand of flame (6)
 d - a wand of random effects (19)
 e - a wand of digging (3)
Scrolls
 c - 4 scrolls of teleportation
 i - 2 scrolls of remove curse
 s - a scroll of identify
Potions
 h - 2 potions of cancellation
 k - a potion of resistance
 l - a potion of magic
 r - a potion of attraction


   Skills:
 + Level 9.9 Fighting
 - Level 3.0 Armour
 - Level 3.0 Dodging
 - Level 2.1 Stealth
 - Level 4.0 Shields
 - Level 13.0 Unarmed Combat


You had 9 spell levels left.
You didn't know any spells.
Your spell library was empty.

Dungeon Overview and Level Annotations

Branches:
Dungeon (7/15)             Temple (1/1) D:7           Sewer (visited)
 Bailey (1/1)

Altars:
Ashenzari
Elyvilon
Fedhas
Hepliaklqana
Kikubaaqudgha
Qazlal
Vehumet
Xom
Yredelemnul
Zin
The Shining One

Shops:
D:5 }


Innate Abilities, Weirdness & Mutations

Your body is rotting away.
You thrive by killing the living.
You are immune to poison.
You have sharp fingernails.
Your flesh is cold resistant. (rC+)
You are immune to negative energy. (rN+++)
You do not regenerate when monsters are visible.
You are immune to unholy pain and torment.
You can survive without breathing.


Message History

Aim: a kobold, wielding a +0 hand axe and quivering 3 boomerangs The mass of ice explodes!
The iceblast engulfs something.
The iceblast engulfs you. You partially resist.
* * * LOW HITPOINT WARNING * * *
The iceblast engulfs the kobold!
You kill the kobold!
Qazlal accepts your kill. Something hits you.
* * * LOW HITPOINT WARNING * * *
You are confused.
You feel invigorated. Something hits you!
* * * LOW HITPOINT WARNING * * *
Okay, then.
You're too confused!
You bump into the stone wall.
You bump into the stone wall.
Something hits you.
* * * LOW HITPOINT WARNING * * *
Unknown command.
You bump into the stone wall.
Something hits you!
You die...

...## #..#
########.#############
.....................####
....#########)..........##
##### ##'#.).......## #..#
#.o#.K..⌠.....# #..#
#K.###.......##
'..####'####..#@#.....####
##......Ko)()..#{#......#≈≈
.#K.####'####..#))÷...≈≈≈≈≈
≈####..o....####))≈≈≈≈≈≈≈≈≈#
≈≈≈∩#.o.....#∩≈≈≈≈≈≈≈....###
≈≈≈≈#########≈≈≈≈≈......##
##≈≈≈≈≈≈≈≈≈≈≈≈≈≈.......##
###.≈≈≈≈≈≈≈.........###
##.............####


There were no monsters in sight!

Vanquished Creatures
  Pikel (D:4)
  2 orc knights (Bailey)
  The ghost of LufLufFighter the Changer, an amateur MfTm (D:3)
  A water moccasin (Sewer)
  Duvessa (D:4)
  A sky beast (D:5)
  3 orc warriors (Bailey)
  An ogre (D:7)
  4 centaurs
  A lemure (D:4)
  A bullfrog (D:7)
  3 scorpions
  Dowan (D:4)
  2 hounds
  4 orc wizards
  2 orc priests
  2 bullfrog skeletons
  A centaur skeleton (D:4)
  2 iguanas
  Jessica (D:3)
  3 worker ants
  A hound zombie (D:5)
  A hound skeleton (D:3)
  2 howler monkey zombies
  2 howler monkey skeletons (D:4)
  A worker ant zombie (D:3)
  2 gnolls (Bailey)
  7 adders
  2 ufetubi (D:6)
  An ooze (D:5)
  3 adder zombies (D:5)
  4 worms
  A dart slug (D:1)
  7 leopard geckos
  15 orcs
  16 bats
  8 giant cockroaches
  19 goblins
  10 hobgoblins
  13 jackals
  20 kobolds
  3 quokkas
  5 frilled lizards
  A leopard gecko zombie (D:5)
  8 rats
  A spectral orc (D:3)
191 creatures vanquished.

Notes
Turn   | Place    | Note
-------+----------+-------------------------------------------
     0 | D:1      | mandarbmax the Ghoul Monk began the quest for the Orb.
     0 | D:1      | Reached XP level 1. HP: 19/19 MP: 0/0
   153 | D:1      | Reached XP level 2. HP: 26/26 MP: 1/1
   352 | D:1      | Reached XP level 3. HP: 25/33 MP: 2/2
   659 | D:1      | Reached skill level 4 in Unarmed Combat
  1171 | D:2      | Reached XP level 4. HP: 40/40 MP: 3/3
  1849 | D:3      | Noticed Jessica
  1850 | D:3      | Reached skill level 12 in Unarmed Combat
  1850 | D:3      | Reached XP level 5. HP: 46/46 MP: 4/4
  1854 | D:3      | Killed Jessica
  1967 | D:3      | Found a glowing drain.
  1973 | Sewer    | Entered a sewer
  2010 | Sewer    | Noticed a water moccasin
  2015 | Sewer    | Killed a water moccasin
  2015 | Sewer    | Reached skill level 1 in Armour
  2015 | Sewer    | Reached skill level 1 in Shields
  2015 | Sewer    | Reached XP level 6. HP: 37/52 MP: 5/5
  2200 | D:3      | Found a runed translucent door.
  2200 | D:3      | Noticed LufLufFighter's ghost (amateur MfTm)
  2420 | D:3      | Reached skill level 13 in Unarmed Combat
  2429 | D:3      | Found a glowing golden altar of the Shining One.
  2466 | D:3      | Found a blossoming altar of Fedhas.
  2490 | D:3      | Found a faded altar of an unknown god.
  2498 | D:3      | Became a worshipper of Vehumet
  2498 | D:3      | Reached * piety under Vehumet
  2498 | D:3      | Offered knowledge of Magic Dart by Vehumet.
  2498 | D:3      | Reached ** piety under Vehumet
  2605 | D:3      | Found a hazy altar of Hepliaklqana.
  2725 | D:3      | Found a basalt altar of Yredelemnul.
  2728 | D:3      | Offered knowledge of Freeze by Vehumet.
  2922 | D:3      | Offered knowledge of Dazzling Flash by Vehumet.
  2927 | D:3      | Killed LufLufFighter's ghost
  2927 | D:3      | Reached XP level 7. HP: 57/59 MP: 6/6
  2960 | D:4      | Noticed Pikel
  2968 | D:4      | Killed Pikel
  2968 | D:4      | Reached XP level 8. HP: 66/66 MP: 7/7
  2973 | D:4      | Reached *** piety under Vehumet
  3099 | D:4      | Noticed Duvessa
  3099 | D:4      | Noticed Dowan
  3105 | D:4      | Killed Dowan
  3118 | D:4      | Killed Duvessa
  3483 | D:5      | Entered Level 5 of the Dungeon
  3483 | D:5      | Found Cimies's Gadget Emporium.
  3498 | D:4      | Reached skill level 5 in Fighting
  3546 | D:5      | Offered knowledge of Iskenderun's Mystic Blast by Vehumet.
  3563 | D:5      | Found a broken altar of Ashenzari.
  3819 | D:5      | Reached XP level 9. HP: 78/78 MP: 8/8
  3871 | D:5      | Found a glowing silver altar of Zin.
  4249 | D:6      | Reached **** piety under Vehumet
  4435 | D:6      | Offered knowledge of Iskenderun's Battlesphere by Vehumet.
  4920 | D:7      | Found a white marble altar of Elyvilon.
  4952 | D:7      | Found a staircase to the Ecumenical Temple.
  4964 | Temple   | Entered the Ecumenical Temple
  4989 | Temple   | Fell from the grace of Vehumet
  4989 | Temple   | Became a worshipper of Qazlal Stormbringer
  5025 | D:7      | Got a thick robe
  5036 | D:7      | Identified the cursed +0 robe "Jasupewk" {rElec Str-5 Dex+8
                  | Stlth-} (You found it on level 7 of the Dungeon)
  5094 | D:7      | Found a flagged portal.
  5108 | Bailey   | Entered a bailey
  5114 | Bailey   | Noticed an orc knight
  5122 | Bailey   | Noticed an orc knight
  5154 | Bailey   | Killed an orc knight
  5249 | Bailey   | Identified the +3 mace of Tufinguwk {freeze, rN+ Int+3}
  5250 | Bailey   | Noticed an orc knight
  5440 | Bailey   | Killed an orc knight
  5440 | Bailey   | Reached XP level 10. HP: 86/91 MP: 9/9
  5484 | Bailey   | Reached * piety under Qazlal
  5567 | Bailey   | Slain by an orc knight

Illustrated notes

Levels and vault maps discovered:
D:1:      giann_horns, layout_loops_ring, minmay_quantized
D:2:      layout_loops_ring
D:3:      layout_loops_ring, lemuel_coloured_pillars_altar,
          nicolae_tso_carved_into_rock, yredelemnul_forgotten_temple_becter,
          chequers_ecumenical_altar_simple, ebering_ghost_inner_flame,
          gup_sewer_entry_spiral, st_stairs_6, fedhas_altar_1, uniq_jessica
D:4:      layout_rooms, uniq_duvessa, uniq_pikel
D:5:      layout_basic, zin_treasury, ashenzari_altar_1, serial_shops,
          nicolae_shop_statue_plus, serial_undead, serial_undead_b,
          serial_undead_a, serial_undead_b, serial_undead_d
D:6:      layout_basic
D:7:      layout_basic, grunt_dithmenos_smoke, lemuel_doored_altar,
          lemuel_crystal_altar, minmay_temple_entry_large_hall, enter_bailey_3,
          minmay_ruined_shrine
Temple:   nicolae_temple_figure_zero
Bailey:   bailey_axe_4, bailey

Skill      XL: |  1  2  3  4  5  6  7  8  9 |
---------------+----------------------------+-----
Dodging        | 3 |  3.0
Fighting       | 4 6 9 |  9.9
Unarmed Combat | 4 12 13 | 13.0
Armour         | 1 2 3 |  3.0
Shields        | 1 2 3 4 |  4.0
Stealth        | |  2.1

Action                   |  1- 3 |  4- 6 |  7- 9 | 10-12 || total
-------------------------+-------+-------+-------+-------++-------
Melee: Unarmed           |   100 |   115 |   241 |    24 ||   480
 Abil: Evoke Flight      |       |       |     2 |       ||     2
Evoke: Wand              |       |       |    17 |    12 ||    29
  Use: Scroll            |       |    13 |     7 |       ||    20
       Potion            |       |     6 |       |     7 ||    13
 Stab: Sleeping          |     2 |       |       |       ||     2
       Invisible         |       |     1 |       |       ||     1
Armor: Robe              |    19 |     4 |       |       ||    23
       Scale mail        |       |    30 |    19 |       ||    49
       Chain mail        |       |       |    59 |       ||    59
       Plate armour      |       |       |       |     6 ||     6
Dodge: Dodged            |    60 |    60 |   114 |    11 ||   245
Block: Buckler           |       |    18 |    55 |     5 ||    78

Table legend: (Time is in decaauts)
 A = Elapsed time spent in this place.
 B = Non-inter-level travel time spent in this place.
 C = Inter-level travel time spent in this place.
 D = Time resting spent in this place.
 E = Time spent auto-exploring this place.
 F = Levels seen in this place.
 G = Mean time per level.
                   A        B        C        D        E       F      G
               +--------+--------+--------+--------+--------+-----+--------+
         Total |   5501 |   5298 |    203 |    366 |   3498 |  10 |  550.1 |
       Dungeon |   4863 |   4670 |    193 |    184 |   3350 |   7 |  694.7 |
        Temple |     35 |     25 |     10 |      0 |      0 |   1 |   35.0 |
         Sewer |    169 |    169 |      0 |      0 |    143 |   1 |  169.0 |
        Bailey |    432 |    432 |      0 |    182 |      5 |   1 |  432.0 |
               +--------+--------+--------+--------+--------+-----+--------+

Top non-repeatable levels by time:
     D:1: 1031 daAuts
     D:3: 1004 daAuts
     D:2: 766 daAuts
     D:5: 678 daAuts
     D:6: 672 daAuts
     D:4: 553 daAuts
  Bailey: 432 daAuts
   Sewer: 169 daAuts
     D:7: 156 daAuts
  Temple: 35 daAuts
